 Dungeon Crawl Stone Soup version 0.31-a0-988-g08d55dae12 (webtiles) character file.

Game seed: 1154969283487890531

90 Conn the Sneak (level 4, -4/27 HPs)
             Began as an Octopode Fire Elementalist on Nov 4, 2023.
             Slain by an orc wizard
             ... wielding a +2 dagger of draining
              (7 damage)
             ... on level 3 of the Dungeon.
             The game lasted 00:03:32 (1887 turns).

Conn the Sneak (Octopode Fire Elementalist)         Turns: 1887, Time: 00:03:32

Health: -4/27      AC:  1    Str:  4 (7)  XL:     4   Next: 56%
Magic:  0/7        EV: 13    Int: 16 (19) God:
Gold:   97         SH:  0    Dex: 11 (12) Spells: 2/8 levels left

rFire   . . .        e - +1 whip (flame)
rCold   . . .        (no shield)
rNeg    . . .        (helmet restricted)
rPois   .            (no amulet)
rElec   .            h - ring of wizardry
rCorr   .            (no ring)
SInv    .            (no ring)
Will    .....        (no ring)
Stlth   +++          (no ring)
HPRegen 0.24/turn    (no ring)
MPRegen 0.10/turn    (no ring)
                     (no ring)

%: wizardry (x1)
@: no status effects
A: almost no armour, amphibious, 8 rings, camouflage 1, gelatinous body 1,
(nimble swimmer 1), tentacles
a: no special abilities


You were on level 3 of the Dungeon.
You visited 1 branch of the dungeon, and saw 3 of its levels.

You collected 97 gold pieces.

Inventory:

Hand Weapons
 e - a +1 whip of flaming (weapon)
Jewellery
 h - a ring of wizardry (left tentacle)
 m - a ring of see invisible
Scrolls
 b - 4 scrolls of teleportation {unknown}
 f - a scroll of revelation {unknown}
 g - a scroll of noise
 i - a scroll of enchant weapon {unknown}
 l - a scroll of enchant armour {unknown}
Potions
 a - a potion of magic
 c - a potion of degeneration
 d - a potion of resistance {unknown}
 j - a potion of enlightenment {unknown}
 k - a potion of might {unknown}
 n - a potion of heal wounds {unknown}


   Skills:
 + Level 2.5 Dodging
 + Level 3.7 Stealth
 * Level 2.6 Spellcasting
 * Level 2.1 Conjurations
 + Level 0.3 Hexes
 + Level 3.4 Fire Magic


You had 2 spell levels left.
You knew the following spells:

 Your Spells              Type           Power      Damage    Failure   Level
a - Foxfire               Conj/Fire      40%        2x1d6     2%          1
b - Scorch                Fire           26%        2d6       3%          2
c - Inner Flame           Hex/Fire       8%         N/A       11%         3

Your spell library contained the following spells:

 Spells                   Type           Power      Damage    Failure   Level
 Magic Dart               Conj           32%        1d4       3%          1
 Searing Ray              Conj           16%        2d5       4%          2
 Freeze                   Ice            8%         1d3       9%          1
 Volatile Blastmotes      Fire/Tloc      14%        2d11      12%         3
 Hailstorm                Conj/Ice       5%         3d4       16%         3
 Frozen Ramparts          Ice            4%         1d1       24%         3
 Flame Wave               Conj/Fire      10%        2d6       24%         4
 Fulminant Prism          Conj/Hex       3%         3d5       41%         4
 Iskenderun's Mystic Bla  Conj/Tloc      5%         2d3       43%         4


Dungeon Overview and Level Annotations

Branches:
Dungeon (3/15)

Altars:


Innate Abilities, Weirdness & Mutations

You cannot wear most types of armour.
You are amphibious.
You can wear up to eight rings at the same time.
Your skin changes colour to match your surroundings (Stealth+).
Your rubbery body absorbs attacks. (AC +1, EV +1)
((You are camouflaged when in or above water. (Stealth+)))
You have tentacles for arms and can constrict up to eight enemies at once.


Message History

Unknown command.
Unknown command.
Unknown command.
Unknown command.
Unknown command.
You hit the orc. You burn the orc. You grab the orc.
The orc is almost dead.
You constrict the orc, but do no damage.
The orc misses you.
You hit the orc but do no damage. You grab the orc. You squeeze the orc.
The orc is almost dead.
You constrict the orc, but do no damage.
You constrict the orc.
You kill the orc!
The orc is no longer more vulnerable to fire.
The orc closely misses you. The orc hits you with a +0 mace.
* * * LOW HITPOINT WARNING * * *
An endoplasm comes into view.
As you read the scroll labelled VUGHIUS HUIHIO, it crumbles to dust.
You hear a loud clanging noise!
It was a scroll of noise.
You constrict the orc.
You kill the orc!
The endoplasm quivers.
Casting: Scorch (safe; 2% risk of failure)
Confirm with . or Enter, or press ? or * to list all spells.
Flames lash the orc.
You kill the orc!
Casting: Scorch (safe; 2% risk of failure)
Confirm with . or Enter, or press ? or * to list all spells.
You conjure some foxfire!
Unknown command.
The foxfire hits something but does no damage.
The foxfire hits something.
Things that are here:
a +0 morningstar; an orc corpse It was a potion of degeneration.
There was something very wrong with that liquid.
You feel weakened.
You feel dopey.
You feel clumsy. Something hits you!
You die...

##.######.####..#
#.##.....^....
#........#####.
#.#####........
#.# #.####### #.#
#......# #.#
#.####.#
#.#####.#
#..@)ยง..#
.......{>####
#.######o.. #.###
#.# #J# #.# #.#


You could see an orc and an endoplasm.

Vanquished Creatures
  2 adders (D:2)
  A dart slug (D:1)
  13 orcs (D:3)
  8 ball pythons
  4 bats
  6 endoplasms
  A giant cockroach (D:1)
  3 goblins
  3 hobgoblins
  2 jackals (D:3)
  4 kobolds
  5 rats
52 creatures vanquished.

Vanquished Creatures (others)
  92 foxfires
92 creatures vanquished.

Grand Total: 144 creatures vanquished

Notes
Turn   | Place    | Note
-------+----------+-------------------------------------------
     0 | D:1      | Conn the Octopode Fire Elementalist began the quest for the
                  | Orb.
     0 | D:1      | Reached XP level 1. HP: 11/11 MP: 3/3
   259 | D:1      | Reached XP level 2. HP: 17/17 MP: 0/5
   850 | D:1      | Learned a level 2 spell: Scorch
  1061 | D:2      | Reached XP level 3. HP: 18/21 MP: 6/6
  1280 | D:2      | Learned a level 3 spell: Inner Flame
  1646 | D:3      | Reached XP level 4. HP: 27/27 MP: 4/7
  1882 | D:3      | HP: 1/27 [orc/+0 mace (2)]
  1887 | D:3      | Slain by an orc wizard

Illustrated notes

Levels and vault maps discovered:
D:1:      minmay_arrival_jagged, layout_basic
D:2:      layout_basic
D:3:      layout_loops_ring

Skill      XL: |  1  2  3 |
---------------+----------+-----
Stealth        | 3 |  3.7
Conjurations   | 2 |  2.1
Dodging        | |  2.5
Spellcasting   | |  2.6
Hexes          | |  0.3
Fire Magic     | |  3.4

Action                     |  1- 3 |  4- 6 || total
---------------------------+-------+-------++-------
  Melee: Unarmed           |     6 |       ||     6
         Constrict         |     6 |     8 ||    14
         Tentacles         |     8 |     5 ||    13
         Whip              |    29 |    17 ||    46
   Cast: Foxfire           |    35 |    18 ||    53
         Scorch            |       |     3 ||     3
    Use: Scroll            |       |     1 ||     1
         Potion            |       |     1 ||     1
   Stab: Sleeping          |     8 |     2 ||    10
 Armour: Skin              |    17 |    12 ||    29
  Dodge: Dodged            |    23 |     9 ||    32

Table legend: (Time is in decaauts)
 A = Elapsed time spent in this place.
 B = Non-inter-level travel time spent in this place.
 C = Inter-level travel time spent in this place.
 D = Time resting spent in this place.
 E = Time spent auto-exploring this place.
 F = Levels seen in this place.
 G = Mean time per level.
                   A        B        C        D        E       F      G
               +--------+--------+--------+--------+--------+-----+--------+
         Total |   1890 |   1844 |     46 |      0 |   1383 |   3 |  630.0 |
       Dungeon |   1890 |   1844 |     46 |      0 |   1383 |   3 |  630.0 |
               +--------+--------+--------+--------+--------+-----+--------+

Top non-repeatable levels by time:
     D:1: 885 daAuts
     D:2: 711 daAuts
     D:3: 292 daAuts
